 Dungeon Crawl Stone Soup version 0.29-a0-1027-gcd8c55af63 (webtiles) character file.

Game seed: 10981063487658933260

86 gelatine the Stinger (level 4, -5/30 HPs)
             Began as a Demonspawn Venom Mage on Aug 13, 2022.
             Killed by divine providence
             ... invoked by an orc priest
              (17 damage)
             ... on level 3 of the Dungeon.
             The game lasted 00:06:52 (2756 turns).

gelatine the Stinger (Demonspawn Venom Mage)        Turns: 2756, Time: 00:06:53

Health: -5/30      AC:  5    Str:  8    XL:     4   Next: 26%
Magic:  5/7        EV: 12    Int: 19    God:
Gold:   103        SH:  0    Dex: 19    Spells: 6/7 levels left

rFire   . . .      SeeInvis .   h - +0 hand axe
rCold   . . .      Faith    .   (no shield)
rNeg    . . .      Spirit   .   a - +0 robe
rPois   .          Reflect  .   k - +0 helmet
rElec   .          Harm     .   (no cloak)
rCorr   .          Rampage  .   (no gloves)
Will    .....                   u - +1 pair of boots
Stlth   ++........              (no amulet)
HPRegen 0.10/turn               d - +6 ring of dexterity
MPRegen 0.10/turn               (no ring)

@: no status effects
A: hooves 1, powered by death 1
a: no special abilities


You were on level 3 of the Dungeon.
You visited 1 branch of the dungeon, and saw 3 of its levels.

You collected 103 gold pieces.

Inventory:

Hand Weapons
 c - a +0 dagger
 h - a +0 hand axe (weapon)
Armour
 a - a +0 robe (worn)
 k - a +0 helmet (worn)
 u - a +1 pair of boots (worn)
Magical Staves
 o - a staff of earth
 p - a staff of conjuration
Jewellery
 d - a +6 ring of dexterity (left hand)
 j - an amulet of faith
Scrolls
 b - 2 scrolls of identify {unknown}
 f - 2 scrolls of teleportation {unknown}
 n - a scroll of blinking {unknown}
 r - a scroll of enchant armour {unknown}
 v - a scroll of noise {unknown}
Potions
 e - 2 potions of heal wounds {unknown}
 g - a potion of degeneration {unknown}
 i - 2 potions of flight {unknown}
 l - 2 potions of curing {unknown}
 m - a potion of lignification {unknown}
 q - a potion of brilliance {unknown}
 s - a potion of invisibility {unknown}
 t - a potion of magic


   Skills:
 + Level 1.0 Axes
 + Level 1.8 Dodging
 + Level 2.0 Stealth
 + Level 2.4 Spellcasting
 + Level 2.4 Transmutations
 + Level 3.6 Poison Magic


You had 6 spell levels left.
You knew the following spells:

 Your Spells              Type           Power      Damage    Failure   Level
a - Sting                 Tmut/Pois      52%        1d5       4%          1

Your spell library contained the following spells:

 Spells                   Type           Power      Damage    Failure   Level
 Poisonous Vapours        Pois/Air       18%        N/A       12%         2
 Mephitic Cloud           Conj/Pois/Air  6%         N/A       30%         3
 Olgreb's Toxic Radiance  Pois           16%        N/A       36%         4


Dungeon Overview and Level Annotations

Branches:
Dungeon (3/15)

Altars:
Hepliaklqana
Kikubaaqudgha
Nemelex Xobeh

Annotations:
D:3 Pargi


Innate Abilities, Weirdness & Mutations

You have large cloven feet.
You regenerate a little health from kills.


Message History

An orc comes into view. It is wielding a +0 short sword.
The sting hits the orc wizard but does no damage.
The orc wizard is poisoned.
You miscast Sting.
You are very lightly contaminated with residual magic.
Nothing appears to happen.
An orc priest comes into view. It is wielding a +0 dagger.
You hit the orc wizard.
The orc wizard is heavily wounded.
The orc wizard casts a spell at you. The magic dart hits you!
The sting misses the orc wizard.
The sting hits the orc.
The orc is poisoned.
The orc is moderately wounded.
The orc wizard barely misses you.
You hit the orc wizard but do no damage.
The orc wizard is heavily wounded.
The orc priest invokes the aid of Beogh against you.
Beogh smites you!
You hit the orc wizard.
The orc wizard is almost dead.
You hit the orc. The orc wizard barely misses you.
An orc comes into view. It is wielding a +0 dagger.
The orc completely misses you.
You barely miss the orc wizard.
The orc wizard is almost dead.
You completely miss the orc.
You kill the orc!
The orc wizard closely misses you. The orc wizard barely misses you.
The orc hits you with a +0 short sword.
Your magical contamination has completely faded away.
The orc wizard looks more healthy.
The orc priest calls upon Beogh to heal the orc wizard.
The orc wizard is healed somewhat.
The orc wizard barely misses you.
You hit the orc wizard but do no damage.
The orc wizard is severely wounded.
You hit the orc. The orc closely misses you.
The orc priest calls down the wrath of Beogh upon you.
Beogh smites you!
Ouch! That really hurt!
You die...

#
#######....###.........#
#... .
...............#########
#### ## #####.#....##..#
# #.##.#.##..+ # #
##..##.## # #.###.# #.#
#.# ###.###.## #####
.......@o#......
###.####o)o.o...
###...... ######


You could see an orc priest, an orc wizard and 2 orcs.

Vanquished Creatures
  Terence (D:2)
  An adder (D:2)
  A gnoll (D:2)
  A dart slug (D:2)
  An orc (D:3)
  2 endoplasms (D:3)
  5 giant cockroaches
  3 goblins (D:2)
  3 hobgoblins (D:1)
  5 kobolds
  2 quokkas (D:1)
  2 ball pythons (D:1)
  6 bats
  3 frilled lizards
  6 rats
42 creatures vanquished.

Notes
Turn   | Place    | Note
-------+----------+-------------------------------------------
     0 | D:1      | gelatine the Demonspawn Venom Mage began the quest for the
                  | Orb.
     0 | D:1      | Reached XP level 1. HP: 13/13 MP: 3/3
   367 | D:1      | Reached skill level 1 in Transmutations
   370 | D:1      | Gained mutation: You regenerate a little health from kills.
                  | [demonic ancestry]
   370 | D:1      | Reached XP level 2. HP: 18/19 MP: 0/5
  1018 | D:2      | Noticed Terence
  1030 | D:2      | Killed Terence
  1031 | D:2      | Gained mutation: You have large cloven feet. [demonic
                  | ancestry]
  1031 | D:2      | Reached XP level 3. HP: 16/24 MP: 1/6
  1740 | D:2      | Reached XP level 4. HP: 30/30 MP: 5/7
  1860 | D:2      | Found a faded altar of an unknown god.
  1900 | D:2      | Reached skill level 1 in Axes
  2204 | D:3      | Found a sparkling altar of Nemelex Xobeh.
  2399 | D:3      | Found a faded altar of an unknown god.
  2401 | D:3      | Noticed Pargi
  2403 | D:3      | Found a hazy altar of Hepliaklqana.
  2548 | D:3      | Found an ancient bone altar of Kikubaaqudgha.
  2756 | D:3      | Killed from afar by an orc priest

Illustrated notes

Levels and vault maps discovered:
D:1:      minmay_arrival_open_corners, layout_basic
D:2:      layout_basic, hellmonk_ecumenical_altar_inner_sanctum, st_stairs_5,
          chequers_serial_rivers_large_b, minmay_misc_feat_diagonals,
          minmay_octomino_e4, uniq_terence
D:3:      layout_loops_corners, nicolae_overflow_ecumenical_swirl,
          lemuel_round_altar, kiku_gazebo_garden_becter, nrook_uturn, uniq_pargi

Skill      XL: |  1  2  3  4 |
---------------+-------------+-----
Transmutations | 1 2 |  2.4
Stealth        | 2 |  2.0
Axes           | 1 |  1.0
Dodging        | |  1.8
Spellcasting   | |  2.4
Poison Magic   | |  3.6

Action                   |  1- 3 |  4- 6 || total
-------------------------+-------+-------++-------
Melee: Hand axe          |    24 |    12 ||    36
       Kick              |     3 |     2 ||     5
 Cast: Sting             |    55 |    14 ||    69
  Use: Potion            |     1 |       ||     1
Armor: Robe              |     8 |     1 ||     9
Dodge: Dodged            |    23 |    15 ||    38

Table legend: (Time is in decaauts)
 A = Elapsed time spent in this place.
 B = Non-inter-level travel time spent in this place.
 C = Inter-level travel time spent in this place.
 D = Time resting spent in this place.
 E = Time spent auto-exploring this place.
 F = Levels seen in this place.
 G = Mean time per level.
                   A        B        C        D        E       F      G
               +--------+--------+--------+--------+--------+-----+--------+
         Total |   2792 |   2738 |     54 |      0 |   2336 |   3 |  930.7 |
       Dungeon |   2792 |   2738 |     54 |      0 |   2336 |   3 |  930.7 |
               +--------+--------+--------+--------+--------+-----+--------+

Top non-repeatable levels by time:
     D:2: 1198 daAuts
     D:1: 926 daAuts
     D:3: 666 daAuts
